 Dungeon Crawl Stone Soup version 0.26.1-11-gd32895ea62 (webtiles) character file.

Game seed: 5993227716673215574

39 bnorton916 the Digger (level 3, 0/19 HPs)
             Began as a Gargoyle Earth Elementalist on July 3, 2021.
             Slain by an adder (4 damage)
             ... on level 3 of the Dungeon.
             The game lasted 00:02:29 (1209 turns).

bnorton916 the Digger (Gargoyle Earth Elementalist) Turns: 1209, Time: 00:02:29

Health: 0/19       AC:  5    Str: 11    XL:     3   Next: 45%
Magic:  6/6        EV: 12    Int: 16    God:
Gold:   109        SH:  0    Dex: 10    Spells: 1/7 levels left

rFire    . . .     SeeInvis .   b - +0 dagger
rCold    . . .     Faith    .   (no shield)
rNeg     + . .     Spirit   .   c - +0 robe
rPois    ∞         Reflect  .   (no helmet)
rElec    +         Harm     .   (no cloak)
rCorr    .         Rampage  .   (no gloves)
Will     .....                  (no boots)
Stlth    ++........             (no amulet)
HPRegen  0.06/turn              (no ring)
MPRegen  0.10/turn              (no ring)

@: no status effects
A: negative energy resistance 1, electricity resistance, unbreathing,
petrification resistance, miasma immunity, AC +3
a: no special abilities


You were on level 3 of the Dungeon.
You visited 1 branch of the dungeon, and saw 3 of its levels.

You collected 109 gold pieces.

Inventory:

Hand Weapons
 b - a +0 dagger (weapon)
Armour
 c - a +0 robe (worn)
Scrolls
 e - a scroll of identify {unknown}
Potions
 a - 4 potions of curing {unknown}
 f - a potion of invisibility {unknown}


   Skills:
 - Level 1.5 Dodging
 - Level 2.1 Stealth
 - Level 2.5 Spellcasting
 + Level 0.3 Conjurations
 - Level 1.5 Transmutations
 + Level 4.3 Earth Magic


You had one spell level left.
You knew the following spells:

 Your Spells              Type           Power        Failure   Level
a - Sandblast             Erth           30%          3%          1
b - Passwall              Tmut/Erth      9%           9%          2
c - Stone Arrow           Conj/Erth      18%          22%         3

Your spell library contained the following spells:

 Spells                   Type           Power        Failure   Level
 Petrify                  Tmut/Erth      11%          52%         4
 Lee's Rapid Deconstruct  Erth           7%           67%         5


Dungeon Overview and Level Annotations

Branches:
Dungeon (3/15)

Altars:


Innate Abilities, Weirdness & Mutations

You are resistant to torment.
Your stone body is resilient. (AC +3)
You are immune to poison.
You resist negative energy. (rN+)
You are resistant to electric shocks. (rElec)
You can survive without breathing.
You are immune to petrification.
You are immune to miasma.


Message History

A kobold comes into view.
The kobold shouts!
A giant cockroach comes into view.
A worker ant comes into view.
A leopard gecko comes into view.
There is a stone staircase leading down here.
You can't go up here!
The leopard gecko hisses angrily.
The kobold hits you.
* * * LOW HITPOINT WARNING * * *
The kobold barely misses you. The adder bites you but does no damage.
You climb downwards.
A bat, 3 orcs and an orc wizard come into view.
The orc shouts!
The orc wizard shouts!
The orc shouts!
Found 28 stones, 13 gold pieces and a scroll labelled NULOAD GIVVAZU.
There is a stone staircase leading up here.
The adder misses you.
As you read the scroll labelled TAEDGH ISOTI, it crumbles to dust.
You feel blessed for a moment.
It was a scroll of remove curse.
The bat barely misses you. The adder bites you.
You die...

....o.. ...#
...o..#?..# #
#........## .
#.#.o......$ ..
......o...###...
#.##............
.......KKb......
.#.....S........
......#.@.....(.
..###.#...###...
. # #...# #
..... .#.####
#.#.. . ^.. #.
..


You could see an orc wizard, an adder, 2 orcs, a bat and 2 kobolds.

Vanquished Creatures
  A dart slug (D:1)
  2 bats
  A giant cockroach (D:2)
  8 hobgoblins (D:1)
  4 jackals
  5 kobolds (D:1)
  A frilled lizard (D:2)
  4 goblins
  6 rats
32 creatures vanquished.

Notes
Turn   | Place    | Note
-------+----------+-------------------------------------------
     0 | D:1      | bnorton916 the Gargoyle Earth Elementalist began the quest
                  | for the Orb.
     0 | D:1      | Reached XP level 1. HP: 10/10 MP: 3/3
    45 | D:1      | Reached skill level 1 in Transmutations
   373 | D:1      | Reached XP level 2. HP: 15/15 MP: 3/5
   664 | D:1      | Reached skill level 4 in Earth Magic
   761 | D:1      | Reached XP level 3. HP: 19/19 MP: 2/6
   849 | D:2      | Learned a level 2 spell: Passwall
   853 | D:2      | Learned a level 3 spell: Stone Arrow
  1209 | D:3      | Slain by an adder

Illustrated notes

Levels and vault maps discovered:
D:1:      minmay_arrival_nine_rooms, layout_rooms
D:2:      minmay_recursive_quarters, layout_basic,
          nicolae_overflow_quartered_altars
D:3:      layout_basic, kennysheep_slug_shrine

Skill      XL: |  1  2 |
---------------+-------+-----
Transmutations | 1 |  1.5
Earth Magic    | 4 |  4.3
Dodging        | |  1.5
Stealth        | |  2.1
Spellcasting   | |  2.5
Conjurations   | |  0.3

Action                   || total
-------------------------++-------
Melee: Unarmed           ||    38
       Dagger            ||    18
 Cast: Sandblast         ||    35
  Use: Scroll            ||     1
Armor: Robe              ||    23
Dodge: Dodged            ||    48
